 Dungeon Crawl Stone Soup version 0.29.0-13-gc9e81de378 (webtiles) character file.

Game seed: 2588045218934328945

1178 raistware the Conjurer (level 8, -4/50 HPs)
             Began as an Octopode Conjurer on Sept 8, 2022.
             Was an Initiate of Vehumet.
             Slain by Edmund
             ... wielding a +6 dire flail of protection
              (8 damage)
             ... on level 5 of the Dungeon.
             The game lasted 00:15:30 (6205 turns).

raistware the Conjurer (Octopode Conjurer)          Turns: 6205, Time: 00:15:31

Health: -4/50      AC:  1    Str:  7    XL:     8   Next: 42%
Magic:  1/17       EV: 17    Int: 28    God:    Vehumet [......]
Gold:   233        SH:  0    Dex: 10    Spells: 15/20 levels left

rFire   . . .      SeeInvis .   B - +3 quarterstaff (chaos)
rCold   . . .      Faith    .   (shield currently unavailable)
rNeg    . . .      Spirit   .   (helmet restricted)
rPois   .          Reflect  .   (no amulet)
rElec   .          Harm     .   b - +4 ring of evasion
rCorr   .          Rampage  .   f - +6 ring of intelligence
Will    .....                   o - ring of flight
Stlth   +++.......              (no ring)
HPRegen 0.16/turn               (no ring)
MPRegen 0.15/turn               (no ring)
                                (no ring)
                                (no ring)

@: flying
A: almost no armour, amphibious, 8 rings, camouflage 1, gelatinous body 1,
(nimble swimmer 1), tentacles
a: Renounce Religion


You were on level 5 of the Dungeon.
You worshipped Vehumet.
Vehumet was noncommittal.
You visited 2 branches of the dungeon, and saw 6 of its levels.

You collected 233 gold pieces.

Inventory:

Hand Weapons
 B - a +3 quarterstaff of chaos (weapon)
Armour
 k - a +2 buckler
Magical Staves
 d - a staff of poison
Jewellery
 b - a +4 ring of evasion (left tentacle)
 f - a +6 ring of intelligence (right tentacle)
 o - a ring of flight (on tentacle)
Wands
 A - a wand of digging (3)
 C - a wand of flame (7)
Scrolls
 e - a scroll of magic mapping {unknown}
 g - 3 scrolls of teleportation
 h - 2 scrolls of enchant weapon {unknown}
 j - a scroll of brand weapon {unknown}
 n - a scroll of blinking {unknown}
 q - 4 scrolls of noise {unknown}
 s - 2 scrolls of silence {unknown}
 v - a scroll of fear {unknown}
 w - 3 scrolls of identify {unknown}
 y - a scroll of immolation {unknown}
Potions
 a - a potion of magic
 c - a potion of attraction {unknown}
 i - a potion of heal wounds
 l - a potion of invisibility {unknown}
 m - a potion of ambrosia {unknown}
 p - a potion of mutation {unknown}
 r - a potion of degeneration {unknown}
 t - 3 potions of cancellation {unknown}
 u - a potion of brilliance {unknown}
 x - a potion of haste {unknown}
 z - a potion of lignification {unknown}


   Skills:
 - Level 2.0 Fighting
 - Level 2.0 Dodging
 - Level 3.0 Stealth
 - Level 3.0 Shields
 + Level 6.5 Spellcasting
 + Level 6.5 Conjurations
 - Level 2.0 Translocations


You had 15 spell levels left.
You knew the following spells:

 Your Spells              Type           Power      Damage    Failure   Level
a - Magic Dart            Conj           100%       1d8       1%          1
b - Iskenderun's Mystic   Conj/Tloc      33%        2d8       10%         4

Your spell library contained the following spells:

 Spells                   Type           Power      Damage    Failure   Level
 Searing Ray              Conj           92%        2d7       1%          2
 Dazzling Flash           Conj/Hex       54%        N/A       4%          3
 Portal Projectile        Hex/Tloc       28%        N/A       12%         3
 Fulminant Prism          Conj/Hex       13%        3d9       14%         4
 Call Canine Familiar     Summ           9%         N/A       17%         3
 Inner Flame              Hex/Fire       9%         N/A       17%         3
 Cause Fear               Hex            4%         N/A       50%         4
 Leda's Liquefaction      Hex/Erth       4%         N/A       50%         4
 Discord                  Hex            4%         N/A       100%        8
 Animate Armour           Summ/Erth      Unusable   N/A       N/A         4

Dungeon Overview and Level Annotations

Branches:
Dungeon (5/15)             Temple (1/1) D:5

Altars:
Dithmenos
Gozag
Nemelex Xobeh
Qazlal
Ru
Trog
Uskayaw
Vehumet
Wu Jian
Yredelemnul
Zin
The Shining One

Shops:
D:2 =   D:3 [

Annotations:
D:2 Sigmund
D:4 4 runed translucent doors, Akransas's ghost, amateur DjBr; enotiy's ghost, amateur MiBe
D:5 Edmund
Temple 2 transporters


Innate Abilities, Weirdness & Mutations

You cannot wear most types of armour.
You are amphibious.
You can wear up to eight rings at the same time.
Your skin changes colour to match your surroundings (Stealth+).
Your rubbery body absorbs attacks. (AC +1, EV +1)
((You are camouflaged when in or above water. (Stealth+)))
You have tentacles for arms and can constrict up to eight enemies at once.


Message History

Edmund hits you with a +6 dire flail of protection.
You barely miss Edmund. Your grab misses Edmund. Your squeeze misses Edmund.
Edmund is severely wounded.
Edmund drinks a potion.
Edmund is healed!
Casting: Iskenderun's Mystic Blast (dangerous; 10% risk of failure)
Confirm with . or Enter, or press ? or * to list all spells.
You erupt in a blast of force!
The mystic blast hits Edmund.
Edmund is heavily wounded.
Edmund is knocked back by the mystic blast.
There's nothing to close nearby.
You reach down and close the door.
Edmund opens the door.
You reach down and close the door.
Edmund opens the door.
You reach down and close the door.
Edmund breaks down the door.
It's broken and can't be closed.
Aiming: Throw Flame
Press: ? - help, Shift-Dir - straight line, f/p - Edmund
Aim: Edmund, wielding a +6 dire flail of protection and wearing a +0 ring mail (heavily wounded, 72% to hit)
The puff of flame hits Edmund but does no damage.
Edmund is heavily wounded.
Edmund attacks as you move away!
Edmund hits you with a +6 dire flail of protection!
Aiming: Throw Flame
Press: ? - help, Shift-Dir - straight line, f/p - Edmund
Aim: Edmund, wielding a +6 dire flail of protection and wearing a +0 ring mail (heavily wounded, 72% to hit)
The puff of flame hits Edmund!
Edmund is severely wounded.
Edmund hits you with a +6 dire flail of protection!
Aiming: Throw Flame
Press: ? - help, Shift-Dir - straight line, f/p - Edmund
Aim: Edmund, wielding a +6 dire flail of protection and wearing a +0 ring mail (severely wounded, 72% to hit)
The puff of flame hits Edmund but does no damage.
Edmund is severely wounded.
Edmund hits you with a +6 dire flail of protection!
* * * LOW HITPOINT WARNING * * *
Aiming: Throw Flame
Press: ? - help, Shift-Dir - straight line, f/p - Edmund
Aim: Edmund, wielding a +6 dire flail of protection and wearing a +0 ring mail (severely wounded, 72% to hit)
The puff of flame misses Edmund.
Edmund hits you with a +6 dire flail of protection!
You die...

#.###......#..<.# #.
###........####.## #.
#........)..# #..#####.
##...##..........####.#.....
......#.....#.....# #.......
......##..........###.......
.......#....................
.......##........###......>.
..#.....#..@...### #........
........##@..### #........
.........'.### #..>.....
.......##### ###....[.
.....## ##..... ...# ######
.#


You could see Edmund.

Vanquished Creatures
  Grinder (D:3)
  A hornet zombie (D:3)
  A black bear (D:5)
  The ghost of OdinFK the Digger, an amateur MeEE (D:3)
  A centaur (D:4)
  An ogre (D:5)
  A wyvern zombie (D:3)
  A water moccasin skeleton (D:3)
  A centaur zombie (D:3)
  A bullfrog skeleton (D:3)
  Crazy Yiuf (D:2)
  3 hounds
  Jessica (D:2)
  Terence (D:3)
  An iguana (D:5)
  A hound zombie (D:4)
  Robin (D:2)
  9 adders
  An ufetubus (D:5)
  An adder zombie (D:4)
  A worm (D:3)
  3 dart slugs
  2 orcs
  3 bats
  14 endoplasms
  2 giant cockroaches
  8 hobgoblins
  7 kobolds
  4 quokkas
  3 ball pythons
  3 frilled lizards
  20 goblins
  2 rats
102 creatures vanquished.

Vanquished Creatures (others)
  A fungus (D:2)
  2 withered plants (D:4)
3 creatures vanquished.

Grand Total: 105 creatures vanquished

Notes
Turn   | Place    | Note
-------+----------+-------------------------------------------
     0 | D:1      | raistware the Octopode Conjurer began the quest for the
                  | Orb.
     0 | D:1      | Reached XP level 1. HP: 11/11 MP: 3/3
   396 | D:1      | Reached XP level 2. HP: 17/17 MP: 3/5
   637 | D:1      | Got Qaimapt's Writings on Generation and Hexes
   861 | D:2      | Found a runed translucent door.
   862 | D:2      | Noticed Crazy Yiuf
   932 | D:2      | Reached XP level 3. HP: 21/21 MP: 4/7
  1253 | D:2      | Noticed Jessica
  1271 | D:2      | Killed Jessica
  1272 | D:2      | Reached XP level 4. HP: 27/27 MP: 7/10
  1278 | D:2      | Learned a level 4 spell: Iskenderun's Mystic Blast
  1453 | D:2      | Noticed Sigmund
  1557 | D:2      | Reached skill level 1 in Translocations
  1731 | D:2      | Found a glowing golden altar of the Shining One.
  1796 | D:2      | Reached XP level 5. HP: 31/31 MP: 8/11
  1846 | D:2      | Found Igik's Jewellery Shop.
  2426 | D:3      | Noticed Grinder
  2588 | D:3      | Found a faded altar of an unknown god.
  2619 | D:3      | Found a runed translucent gate.
  2619 | D:3      | Found a runed translucent gate.
  2620 | D:3      | Found a runed translucent gate.
  2621 | D:3      | Noticed OdinFK's ghost (amateur MeEE)
  2733 | D:3      | Found Buheor's Antique Armour Emporium.
  3008 | D:3      | Noticed Terence
  3065 | D:3      | Noticed Robin
  3232 | D:2      | Killed Robin
  3566 | D:3      | Paralysed by Grinder for 2 turns
  3570 | D:3      | Killed Grinder
  3571 | D:3      | Reached skill level 5 in Spellcasting
  3571 | D:3      | Reached skill level 5 in Conjurations
  3571 | D:3      | Reached XP level 6. HP: 31/36 MP: 1/13
  3733 | D:3      | Found an opulent altar of Gozag.
  3810 | D:4      | Noticed enotiy's ghost (amateur MiBe)
  3810 | D:4      | Found a runed translucent door.
  4070 | D:4      | Found a bloodstained altar of Trog.
  4181 | D:4      | Found a shadowy altar of Dithmenos.
  4236 | D:4      | Reached skill level 1 in Fighting
  4236 | D:4      | Reached skill level 1 in Shields
  4236 | D:4      | Reached XP level 7. HP: 35/43 MP: 4/14
  4309 | D:4      | Found a stormy altar of Qazlal.
  4437 | D:4      | Found a runed translucent gate.
  4437 | D:4      | Found a runed translucent gate.
  4437 | D:4      | Found a runed translucent gate.
  4437 | D:4      | Noticed Akransas's ghost (amateur DjBr)
  4439 | D:4      | Found a basalt altar of Yredelemnul.
  4686 | D:5      | Entered Level 5 of the Dungeon
  4686 | D:5      | Found a staircase to the Ecumenical Temple.
  4758 | Temple   | Entered the Ecumenical Temple
  4758 | Temple   | Found a transporter.
  4758 | Temple   | Found a transporter.
  4760 | Temple   | Found a transporter.
  4760 | Temple   | Found a transporter.
  4770 | Temple   | Became a worshipper of Vehumet
  4807 | D:5      | Noticed Edmund
  5473 | D:2      | Killed Crazy Yiuf
  5605 | D:3      | Killed Terence
  5866 | D:3      | Reached XP level 8. HP: 41/48 MP: 4/17
  5870 | D:3      | Killed OdinFK's ghost
  6205 | D:5      | Slain by Edmund

Illustrated notes

Levels and vault maps discovered:
D:1:      dpeg_arrival_connections, layout_basic
D:2:      kennysheep_the_goblin_king, layout_basic, serial_shops,
          nicolae_shop_trees, basic_altar, uniq_jessica, uniq_sigmund,
          uniq_crazy_yiuf_cottage
D:3:      layout_basic, nicolae_overflow_ecumenical_swirl,
          gammafunk_ghost_necromancy, serial_shops, shop, minivault_23,
          uniq_robin, uniq_grinder, uniq_terence
D:4:      layout_rooms, grunt_qazlal_clouds, mainiacjoe_overflow_brackets,
          nicolae_yredelemnul_ghost_church, marbit_many_paths,
          gammafunk_ghost_grave, dreamdust_mushroom_princess
D:5:      minmay_skewed_foursquare, layout_rooms, chequers_arboretum,
          hangedman_decor_points, uniq_edmund
Temple:   hellmonk_temple_divided_pantheon

Skill      XL: |  1  2  3  4  5  6  7  8 |
---------------+-------------------------+-----
Spellcasting   | 3 4 5 6 |  6.5
Translocations | 1 2 |  2.0
Conjurations   | 5 6 |  6.5
Stealth        | 3 |  3.0
Fighting       | 1 2 |  2.0
Shields        | 1 2 3 |  3.0
Dodging        | |  2.0

Action                   |  1- 3 |  4- 6 |  7- 9 || total
-------------------------+-------+-------+-------++-------
Melee: Staff             |     2 |    14 |     2 ||    18
       Constrict         |       |     3 |       ||     3
       Tentacles         |       |     2 |     2 ||     4
       Quarterstaff      |       |       |     5 ||     5
 Cast: Magic Dart        |    55 |   115 |    59 ||   229
       Iskenderun's Myst |       |     2 |    20 ||    22
Evoke: Wand              |       |       |     8 ||     8
  Use: Scroll            |       |     1 |       ||     1
       Potion            |       |     1 |     1 ||     2
 Stab: Sleeping          |     1 |       |       ||     1
Armor: Skin              |       |     2 |     1 ||     3
Dodge: Dodged            |     7 |    36 |    29 ||    72
